 Dungeon Crawl Stone Soup version 0.27-a0-1281-ge233d83751 (webtiles) character file.

Game seed: 15338911374749147479

47 Tumalu the Poker (level 3, 0/29 HPs)
             Began as a Demonspawn Monk on June 13, 2021.
             Slain by a goblin (2 damage)
             ... led by Robin
             ... on level 1 of the Dungeon.
             The game lasted 00:03:05 (1161 turns).

Tumalu the Poker (Demonspawn Monk)                  Turns: 1161, Time: 00:03:06

Health: 0/29       AC:  7    Str: 11    XL:     3   Next: 48%
Magic:  3/3        EV:  9    Int: 11    God:
Gold:   66         SH:  0    Dex: 16    Spells: 2/2 levels left

rFire    . . .     SeeInvis .   c - +0 dagger (elec)
rCold    . . .     Faith    .   (no shield)
rNeg     . . .     Spirit   .   i - +0 scale mail
rPois    .         Reflect  .   (no helmet)
rElec    .         Harm     .   (no cloak)
rCorr    .         Rampage  .   (no gloves)
Will     .....                  (no boots)
Stlth    +.........             (no amulet)
HPRegen  0.09/turn              (no ring)
MPRegen  0.08/turn              (no ring)

@: no status effects
A: rugged brown scales 1
a: no special abilities


You were on level 1 of the Dungeon.
You visited 1 branch of the dungeon, and saw 2 of its levels.

You collected 66 gold pieces.

Inventory:

Hand Weapons
 a - a +0 spear
 c - a +0 dagger of electrocution (weapon)
Armour
 b - a +0 robe
 i - a +0 scale mail (worn)
Scrolls
 d - a scroll of silence {unknown}
 f - a scroll of teleportation {unknown}
 g - a scroll of brand weapon {unknown}
 h - a scroll of identify {unknown}
Potions
 e - a potion of attraction {unknown}


   Skills:
 - Level 3.0 Fighting
 + Level 3.4(3.6) Polearms
 + Level 1.6(2.8) Staves
 - Level 2.8 Dodging
 - Level 1.8 Stealth


You had 2 spell levels left.
You didn't know any spells.
Your spell library contained the following spells:

 Spells                   Type           Power      Damage    Failure   Level
 Animate Skeleton         Necr           0%         N/A       92%         1
 Apportation              Tloc           0%         N/A       92%         1
 Corona                   Hex            0%         N/A       92%         1
 Summon Small Mammal      Summ           0%         N/A       92%         1


Dungeon Overview and Level Annotations

Branches:
Dungeon (2/15)

Altars:


Innate Abilities, Weirdness & Mutations

You are partially covered in rugged brown scales. (AC +1, +3% HP)


Message History

The gnoll hits you with a +0 flail. The gnoll hits you but does no damage.
You hit the gnoll but do no damage. The gnoll hits you with a +0 club.
You hit the gnoll.
The gnoll is moderately wounded.
The gnoll hits you but does no damage.
You closely miss the gnoll.
The gnoll is moderately wounded.
The gnoll hits you but does no damage.
You closely miss the gnoll.
The gnoll is moderately wounded.
You barely miss the gnoll. You barely miss the gnoll.
The gnoll hits you with a +0 club!
You are too injured to fight recklessly!
You are too injured to fight recklessly!
You hit the gnoll. Lightning courses through the gnoll!!
You kill the gnoll!
You hit the adder. Lightning courses through the adder!
You kill the adder!
You hit the gnoll.
The gnoll is lightly wounded.
The gnoll hits you with a +0 flail!
* * * LOW HITPOINT WARNING * * *
A goblin comes into view. It is wielding a +0 dagger.
The goblin shouts!
You hear a shout!
A goblin comes into view. It is wielding a +0 dagger.
A goblin and a hobgoblin come into view.
The hobgoblin shouts!
The goblin shouts! x2; You hear a shout!
A hobgoblin comes into view.
There is a stone staircase leading up here.
The gnoll barely misses you. The goblin hits you but does no damage.
You climb upwards.
There is a stone staircase leading down here.
The goblin hits you with a +0 club.
* * * LOW HITPOINT WARNING * * *
The goblin hits you with a +0 club.
* * * LOW HITPOINT WARNING * * *
You closely miss the goblin. The goblin barely misses you.
You closely miss the goblin. The goblin hits you with a +0 club.
You die...

############### ###
#.............#
..##############@###########.#
#............ggg.# #.#
##########...###### #.#
.##........>......# #.#
.8##.#####...####.# #.#
...###...#...# #.# #.#
...8##...#...# #.# #.#
....'........# #.# #.#
...8#........# #.# #.#


You could see a gnoll and 2 goblins.

Vanquished Creatures
  A gnoll (D:2)
  An adder (D:2)
  3 ball pythons
  3 endoplasms (D:1)
  2 giant cockroaches (D:1)
  2 hobgoblins (D:1)
  3 jackals (D:1)
  4 quokkas (D:1)
  2 frilled lizards (D:1)
  4 kobolds (D:1)
  A rat (D:1)
26 creatures vanquished.

Notes
Turn   | Place    | Note
-------+----------+-------------------------------------------
     0 | D:1      | Tumalu the Demonspawn Monk began the quest for the Orb.
     0 | D:1      | Reached XP level 1. HP: 18/18 MP: 1/1
     6 | D:1      | Noticed a wyvern
     6 | D:1      | Noticed an iguana
     6 | D:1      | Noticed a hog
     7 | D:1      | Noticed a salamander
     7 | D:1      | Noticed a polar bear
   236 | D:1      | Gained mutation: You are partially covered in rugged brown
                  | scales. (AC +1, +3% HP) [demonic ancestry]
   236 | D:1      | Reached XP level 2. HP: 18/24 MP: 2/2
   553 | D:1      | Reached skill level 1 in Staves
  1121 | D:2      | Reached XP level 3. HP: 29/29 MP: 3/3
  1161 | D:1      | Slain by a goblin

Illustrated notes

Levels and vault maps discovered:
D:1:      onia_arrival_zoo_common, layout_basic, dk_noncrumbling_4,
          hangedman_glass_teeth, st_stairs_4, hangedman_decor_riveting,
          minmay_misc_feat_secret_circle, nrook_uturn
D:2:      layout_rooms, serial_shops, shop_coins,
          shapermc_ecumenical_altar_totnotflames, basic_altar, uniq_robin,
          uniq_jessica, uniq_sigmund

Skill      XL: |  1  2 |
---------------+-------+-----
Polearms       | 3 |  3.4
Staves         | 1 |  1.6
Fighting       | |  3.0
Dodging        | |  2.8
Stealth        | |  1.8

Action                   || total
-------------------------++-------
Melee: Spear             ||    16
       Dagger            ||    80
 Stab: Sleeping          ||     3
Armor: Robe              ||    24
       Scale mail        ||     4
Dodge: Dodged            ||    53

Table legend: (Time is in decaauts)
 A = Elapsed time spent in this place.
 B = Non-inter-level travel time spent in this place.
 C = Inter-level travel time spent in this place.
 D = Time resting spent in this place.
 E = Time spent auto-exploring this place.
 F = Levels seen in this place.
 G = Mean time per level.
                   A        B        C        D        E       F      G
               +--------+--------+--------+--------+--------+-----+--------+
         Total |   1160 |   1133 |     27 |      0 |    905 |   2 |  580.0 |
       Dungeon |   1160 |   1133 |     27 |      0 |    905 |   2 |  580.0 |
               +--------+--------+--------+--------+--------+-----+--------+

Top non-repeatable levels by time:
     D:1: 1116 daAuts
     D:2: 43 daAuts
